 Dungeon Crawl Stone Soup version 0.26.0-15-gc6cd9f700b (webtiles) character file.

Game seed: 11158453289249772945

9 EnegeticOcto the Stinger (level 2, -2/22 HPs)
             Began as a Naga Venom Mage on Jan 16, 2021.
             Slain by an adder (3 damage)
             ... on level 2 of the Dungeon.
             The game lasted 00:00:23 (35 turns).

EnegeticOcto the Stinger (Naga Venom Mage)            Turns: 35, Time: 00:00:24

Health: -2/22      AC:  1    Str: 10    XL:     2   Next: 12%
Magic:  1/5        EV: 10    Int: 15    God:
Gold:   0          SH:  0    Dex: 11    Spells: 4/5 levels left

rFire    . . .     SeeInvis +   b - staff of death
rCold    . . .     Faith    .   (no shield)
rNeg     + . .     Spirit   .   a - +0 robe
rPois    +         Reflect  .   (no helmet)
rElec    .         Harm     .   (no cloak)
rCorr    .         Rampage  .   (no gloves)
Will     .....                  (no barding)
Stlth    ++........             (no amulet)
HPRegen  0.07/turn              (no ring)
MPRegen  0.09/turn              (no ring)

@: lethally poisoned (-2 -> -4), short of breath, very slow
A: large, see invisible, deformed body, poison resistance, slowness 2, spit
poison 1, AC +0
a: Spit Poison


You were on level 2 of the Dungeon.
You visited 1 branch of the dungeon, and saw 2 of its levels.

Inventory:

Armour
 a - a +0 robe (worn)
Magical Staves
 b - an uncursed staff of death (weapon)
   (You found it on level 2 of the Dungeon)


   Skills:
 - Level 1.5 Dodging
 - Level 3.0 Stealth
 - Level 2.0 Spellcasting
 - Level 1.0 Transmutations
 + Level 4.8 Poison Magic


You had 4 spell levels left.
You knew the following spells:

 Your Spells              Type           Power        Failure   Level
a - Sting                 Tmut/Pois      40%          7%          1

Your spell library contained the following spells:

 Spells                   Type           Power        Failure   Level
 Poisonous Vapours        Pois/Air       16%          12%         2
 Ignite Poison            Fire/Tmut/Pois 7%           30%         3
 Olgreb's Toxic Radiance  Pois           16%          30%         4
 Mephitic Cloud           Conj/Pois/Air  6%           34%         3


Dungeon Overview and Level Annotations

Branches:
Dungeon (2/15)

Altars:


Innate Abilities, Weirdness & Mutations

You cannot wear boots.
Your serpentine skin is tough. (AC +0)
You have supernaturally acute eyesight. (SInv)
Armour fits poorly on your strangely shaped body.
Your system is resistant to poisons. (rPois)
You cover ground very slowly.
You can spit poison.


Message History

Welcome, EnegeticOcto the Naga Venom Mage.
Will you be the one to retrieve the legendary Orb of Zot from the depths?
Press ? for a list of commands and other information.
Found a staircase leading out of the dungeon.
You enter the shallow water.
Moving in this stuff is going to be slow.
Found an escape hatch in the floor.
There is an escape hatch in the floor here.
You open the door.
There is an escape hatch in the floor here.
Really go through this one-way escape hatch?
You slide downwards.
The hatch slams shut behind you.
An adder comes into view.
Found a short runed staff.
Found a stone staircase leading up.
You see here a short runed staff.
b - an uncursed staff of death (weapon)
Casting: Sting (safe; 8% risk of failure)
Confirm with . or Enter, or press ? or * to list all spells.
Aiming: Sting (safe; 8% risk of failure)
Press: ? - help, Shift-Dir - straight line, f - adder
Aim: an adder (52% to evade)
You miscast Sting.
You are very lightly contaminated with residual magic.
Nothing appears to happen.
The adder bites you. The adder closely misses you.
Casting: Sting (safe; 8% risk of failure)
Confirm with . or Enter, or press ? or * to list all spells.
Aiming: Sting (safe; 8% risk of failure)
Press: ? - help, Shift-Dir - straight line, f/p - adder
Aim: an adder (52% to evade)
The sting hits the adder.
The adder is poisoned.
The adder is moderately wounded.
The adder closely misses you.
Casting: Sting (safe; 8% risk of failure)
Confirm with . or Enter, or press ? or * to list all spells.
Aiming: Sting (safe; 8% risk of failure)
Press: ? - help, Shift-Dir - straight line, f/p - adder
Aim: an adder (heavily wounded, poisoned, 52% to evade)
The sting misses the adder.
The adder barely misses you.
An adder comes into view.
The adder hisses angrily.
You hit the adder but do no damage.
The adder is heavily wounded.
The adder misses you. The adder bites you.
You are poisoned.
The adder poisons you!
You closely miss the adder.
The adder is severely wounded.
You feel sick. The adder closely misses you.
Press: ? - help, Shift-Dir - straight line, f/p - adder
Aim: an adder (severely wounded, poisoned)
The splash of poison hits the adder.
You kill the adder!
You have reached level 2!
Your magical contamination has completely faded away.
You barely miss the adder.
You feel sick. The adder completely misses you. The adder bites you.
* * * LOW HITPOINT WARNING * * *
You hit the adder but do no damage. The adder bites you.
* * * LOW HITPOINT WARNING * * *
You barely miss the adder. The adder bites you but does no damage.
The adder bites you.
* * * LOW HITPOINT WARNING * * *
You completely miss the adder.
You have got your breath back.
* * * LOW HITPOINT WARNING * * *
You feel sick. The adder closely misses you.
Press: ? - help, Shift-Dir - straight line, f - adder
Aim: an adder The splash of poison hits the adder.
The adder is poisoned.
The adder is lightly wounded.
The adder bites you.
You die...

.... ... ##.# .
#..# .. #..#######
...######.........
..................
#......S..###....
#.##..@#.## #
........#.#
......<...#
..#..###### .....
.... .#. #.


You could see an adder (poisoned).

Vanquished Creatures
  An adder (D:2)
1 creature vanquished.

Notes
Turn   | Place    | Note
-------+----------+-------------------------------------------
     0 | D:1      | EnegeticOcto the Naga Venom Mage began the quest for the
                  | Orb.
     0 | D:1      | Reached XP level 1. HP: 15/15 MP: 3/3
    30 | D:2      | Reached XP level 2. HP: 10/22 MP: 0/5
    34 | D:2      | HP: 1/22 [poisoned by an adder]
    35 | D:2      | Slain by an adder

Illustrated notes

Levels and vault maps discovered:
D:1:      zaba_arrival_water, layout_basic, serial_glass, glass_columns_b,
          glass_columns_c, minmay_strange_pillars, minmay_strange_pillars
D:2:      layout_basic, grunt_temple_overflow_opulence,
          overflow_temple_1_default

Action                   || total
-------------------------++-------
Melee: Staff             ||     6
 Cast: Sting             ||     2
 Abil: Spit Poison       ||     2
Armor: Robe              ||     1
Dodge: Dodged            ||     7
